 Dungeon Crawl Stone Soup version 0.26-a0-43-g20b394c (webtiles) character file.

Game seed: 15226799712475565954

133 Illumine the Magician (level 4, -2/25 HPs)
             Began as a Deep Elf Fire Elementalist on June 2, 2020.
             Slain by a bullfrog (8 damage)
             ... on level 6 of the Dungeon.
             The game lasted 00:05:05 (2034 turns).

Illumine the Magician (Deep Elf Fire Elementalist)  Turns: 2034, Time: 00:05:06

Health: -2/25      AC:  3    Str:  5 (6)  XL:     4   Next: 93%
Magic:  8/12       EV: 13    Int: 16 (18) God:
Gold:   154        SH:  0    Dex: 13 (15) Spells: 3/11 levels left

rFire    . . .     SeeInvis .   j - +0 short sword (speed)
rCold    . . .     Gourm    .   (no shield)
rNeg     . . .     Faith    .   a - +0 robe
rPois    .         Spirit   .   (helmet restricted)
rElec    .         Reflect  .   (no cloak)
rCorr    +         Harm     .   g - +0 pair of gloves
MR       .....     Rnd*Rage +   (no boots)
Stlth    ++........             (no amulet)
HPRegen  0.08/turn              n - ring of resist corrosion
MPRegen  0.13/turn              (no ring)

@: lethally poisoned (-2 -> -12)
A: antennae 1, berserk 1, dopey 1
a: no special abilities


You were on level 6 of the Dungeon.
You were not hungry.

You visited 1 branch of the dungeon, and saw 4 of its levels.

You collected 154 gold pieces.

Inventory:

Hand Weapons
 d - a +0 dagger
 j - a +0 short sword of speed (weapon)
 k - a +0 short sword
Missiles
 i - 39 stones (quivered)
Armour
 a - a +0 robe (worn)
 g - a +0 pair of gloves (worn)
Jewellery
 n - a ring of resist corrosion (left hand)
Scrolls
 b - a scroll of identify
 e - a scroll of fog
 m - 2 scrolls of remove curse
Comestibles
 c - 5 rations
 f - 2 chunks of flesh


   Skills:
 + Level 1.3 Fighting
 + Level 3.4 Dodging
 - Level 2.6 Stealth
 + Level 4.1 Spellcasting
 + Level 2.3 Conjurations
 + Level 4.1 Fire Magic


You had 3 spell levels left.
You knew the following spells:

 Your Spells              Type           Power        Failure   Level  Hunger
a - Foxfire               Conj/Fire      ##..         4%          1    None
b - Conjure Flame         Conj/Fire      ##......     14%         3    ###....
c - Sticky Flame          Conj/Fire      ##......     41%         4    ####...

Your spell library contained the following spells:

 Spells                   Type           Power        Failure   Level  Hunger
 Inner Flame              Hex/Fire       #.......     22%         3    ###....
 Fireball                 Conj/Fire      ##........   77%         5    ######.


Dungeon Overview and Level Annotations

Branches:
Dungeon (3/15)

Altars:
Elyvilon
Xom

Annotations:
D:3 Grinder


Innate Abilities, Weirdness & Mutations

You have a pair of small antennae on your head.
You tend to lose your temper in combat.
You are dopey. (Int -2)


Message History

Casting: Foxfire (safe; 4% risk of failure)
Confirm with . or Enter, or press ? or * to list all spells.
You conjure some foxfire!
The bullfrog barely misses you. The adder bites you.
Unknown command.
You barely miss the bullfrog.
The bullfrog is almost dead.
The foxfire hits the adder.
The adder is heavily wounded.
The bullfrog hits you but does no damage.
The adder bites you.
You are poisoned.
The adder poisons you!
Casting: Foxfire (safe; 4% risk of failure)
Confirm with . or Enter, or press ? or * to list all spells.
You conjure some foxfire!
You feel sick. The bullfrog barely misses you. The adder bites you.
* * * LOW HITPOINT WARNING * * *
You are lethally poisoned!
The adder poisons you! The bullfrog hits you!
You die...

#.....#
#.....#
#.....#
#.....#
###.....#
........#
###$....#
#...SF#
#...v@#
#######


You could see a bullfrog and an adder.

Vanquished Creatures
  Natasha (D:3)
  A worker ant (D:2)
  A gnoll (D:1)
  2 adders
  An ooze (D:2)
  A dart slug (D:1)
  2 ball pythons
  8 bats
  A giant cockroach (D:2)
  6 goblins
  10 hobgoblins
  2 quokkas
  3 frilled lizards
  4 kobolds (D:1)
  7 rats
50 creatures vanquished.

Vanquished Creatures (others)
  A quokka (D:3)
  136 foxfires
137 creatures vanquished.

Grand Total: 187 creatures vanquished

Notes
Turn   | Place    | Note
-------+----------+-------------------------------------------
     0 | D:1      | Illumine the Deep Elf Fire Elementalist began the quest for
                  | the Orb.
     0 | D:1      | Reached XP level 1. HP: 10/10 MP: 6/6
   165 | D:1      | Reached XP level 2. HP: 11/15 MP: 4/8
   462 | D:1      | Reached XP level 3. HP: 20/20 MP: 7/9
   596 | D:1      | Learned a level 3 spell: Conjure Flame
  1211 | D:2      | Reached skill level 1 in Fighting
  1211 | D:2      | Reached XP level 4. HP: 5/25 MP: 5/11
  1213 | D:2      | Gained mutation: You tend to lose your temper in combat.
                  | [potion of mutation]
  1213 | D:2      | Gained mutation: You are dopey. (Int -2) [potion of
                  | mutation]
  1213 | D:2      | Gained mutation: You have a pair of small antennae on your
                  | head. [potion of mutation]
  1219 | D:2      | HP: 1/25 [poisoned by a worker ant]
  1666 | D:2      | Learned a level 4 spell: Sticky Flame
  1768 | D:3      | Noticed Natasha
  1777 | D:3      | Killed Natasha
  1831 | D:3      | Found a white marble altar of Elyvilon.
  1841 | D:3      | Noticed Grinder
  1880 | D:3      | Found a shimmering altar of Xom.
  1973 | D:3      | Noticed an angel
  2003 | D:3      | You fall into a shaft and drop 3 floors!
  2003 | D:6      | Noticed an ogre
  2003 | D:6      | Noticed a phantom
  2020 | D:6      | Noticed a bullfrog
  2034 | D:6      | Slain by a bullfrog

Illustrated notes

Levels and vault maps discovered:
D:1:      mrwooster_arrival_statue_2, layout_rooms, serial_bayou_pond_b
D:2:      layout_rooms
D:3:      layout_basic, grunt_temple_overflow_order_and_chaos_1,
          elyvilon_altar_4, uniq_grinder, uniq_sigmund, uniq_natasha
D:6:      layout_rooms, lemuel_crystal_altar, lemuel_round_altar,
          minmay_temple_entry_glassed_door

Skill      XL: |  1  2  3  4 |
---------------+-------------+-----
Dodging        | 3 |  3.4
Fighting       | 1 |  1.3
Conjurations   | 2 |  2.3
Spellcasting   | 4 |  4.1
Fire Magic     | 4 |  4.1
Stealth        | |  2.6

Action                   |  1- 3 |  4- 6 || total
-------------------------+-------+-------++-------
Melee: Short sword       |       |     3 ||     3
 Cast: Foxfire           |    49 |    33 ||    82
  Use: Scroll            |       |     5 ||     5
       Potion            |       |     5 ||     5
 Stab: Sleeping          |       |     1 ||     1
  Eat: Chunk             |     1 |     2 ||     3
Armor: Robe              |     6 |     6 ||    12
Dodge: Dodged            |    18 |    16 ||    34

Table legend:
 A = Non-vault XP
 B = Vault XP
 C = Vault XP percentage of total XP
 D = Non-vault monster count
 E = Vault monster count
 F = Vault count percentage of total count
                 A         B        C        D         E       F
            +---------+---------+-------+---------+---------+-------
      Total |     133 |      57 |  30.0 |      43 |       7 |  14.0
            +---------+---------+-------+---------+---------+-------
        D:1 |      34 |      22 |  39.3 |      19 |       6 |  24.0
        D:2 |      77 |       0 |   0.0 |      18 |       0 |   0.0
        D:3 |      22 |      35 |  61.4 |       6 |       1 |  14.3
            +---------+---------+-------+---------+---------+-------
